 Dungeon Crawl Stone Soup version 0.31.0-11-ge490571c62 (webtiles) character file.

Game seed: 2404043694622439049

140 qw the Skirmisher (level 5, -1/29 HPs)
             Began as a Deep Elf Hunter on Feb 5, 2024.
             Slain by a scorpion (2 damage)
             ... on level 4 of the Dungeon.
             The game lasted 00:01:21 (2329 turns).

qw the Skirmisher (Deep Elf Hunter)                 Turns: 2329, Time: 00:01:21

Health: -1/29      AC:  5    Str: 10    XL:     5   Next: 2%
Magic:  7/7        EV: 11    Int: 14    God:
Gold:   190        SH:  0    Dex: 18    Spells: 4/4 levels left

rFire   . . .        a - +0 shortbow
rCold   . . .        (shield currently unavailable)
rNeg    . . .        f - +0 ring mail
rPois   .            (no helmet)
rElec   .            (no cloak)
rCorr   .            (no gloves)
SInv    .            (no boots)
Will    .....        (no amulet)
Stlth   +            (no ring)
HPRegen 0.24/turn    (no ring)
MPRegen 0.10/turn

%: no passive effects
@: lethally poisoned (-1 -> -9)
A: no striking features
a: no special abilities


You were on level 4 of the Dungeon.
You visited 1 branch of the dungeon, and saw 4 of its levels.

You collected 190 gold pieces.


   Skills:
 - Level 1.5 Fighting
 + Level 8.4 Ranged Weapons
 - Level 2.4 Dodging
 - Level 1.2 Stealth


You had 4 spell levels left.
You didn't know any spells.
Your spell library was empty.

Inventory:

Hand Weapons
 a - a +0 shortbow (weapon)
Armour
 f - a +0 ring mail (worn)
Wands
 b - a wand of paralysis (11)
Scrolls
 d - a scroll of torment {unknown}
Potions
 c - 2 potions of haste
 e - a potion of might
 h - a potion of curing {unknown}

Dungeon Overview and Level Annotations

Branches:
Dungeon (4/15)
 Temple: D:4-7

Altars:
Cheibriados


Message History

The arrow hits the scorpion but does no damage.
You shoot an arrow. The arrow closely misses the scorpion.
You shoot an arrow. The arrow hits the scorpion.
The scorpion is moderately wounded.
You shoot an arrow. The arrow closely misses the scorpion.
You shoot an arrow. The arrow hits the scorpion.
The scorpion is heavily wounded.
The scorpion barely misses you.
You shoot an arrow.
The arrow hits the scorpion but does no damage.
The scorpion is heavily wounded.
The scorpion stings you.
You shoot an arrow. The arrow closely misses the scorpion.
The scorpion closely misses you. The scorpion barely misses you.
You shoot an arrow. The arrow hits the scorpion.
The scorpion is heavily wounded.
The scorpion stings you but does no damage.
You shoot an arrow. The arrow hits the scorpion!
The scorpion is almost dead.
The scorpion barely misses you. The scorpion stings you.
You shoot an arrow. The arrow closely misses the scorpion.
The scorpion stings you.
You are poisoned.
The scorpion poisons you!
You shoot an arrow. The arrow closely misses the scorpion.
You feel very sick. The scorpion closely misses you.
You shoot an arrow. The arrow barely misses the scorpion.
You feel sick. The scorpion stings you.
You are lethally poisoned!
The scorpion poisons you! The scorpion barely misses you.
You shoot an arrow. The arrow closely misses the scorpion.
You feel very sick. The scorpion stings you.
You shoot an arrow.
The arrow hits the scorpion but does no damage.
The scorpion is almost dead.
You feel very sick. The scorpion stings you.
You die...

## ##.### #### #....#
###..#### ## #....#
##......#. ... #....##
#.........
....#.....#####.........
##.............###......
......................##
....$.s@....._........#.
#......>.........#....##..
#....>.....#.....##...##.#
.................##......
...............###....).
.#...###........#...#...
##...##................
##.............##......
#.......%...#.###......


You could see a scorpion.

Vanquished Creatures
  Jessica (D:2)
  An iguana (D:3)
  2 adders (D:3)
  3 dart slugs
  2 ribbon worms
  13 endoplasms
  A giant cockroach (D:2)
  7 hobgoblins
  8 kobolds
  3 quokkas
  7 ball pythons
  3 frilled lizards
  4 goblins (D:1)
  2 rats
57 creatures vanquished.

Notes
Turn   | Place    | Note
-------+----------+-------------------------------------------
     0 | D:1      | qw the Deep Elf Hunter began the quest for the Orb.
     0 | D:1      | Reached XP level 1. HP: 12/12 MP: 3/3
     0 | D:1      | 0 ||| qw: Version: 0.3-a-160-g6735b56
     0 | D:1      | 0 ||| qw: Game counter: 6287
     0 | D:1      | 0 ||| qw: Melee chars always use a shield: true
     0 | D:1      | 0 ||| qw: God list: Okawaru
     0 | D:1      | 0 ||| qw: Allow faded altars: false
     0 | D:1      | 0 ||| qw: Do Orc after clearing Dungeon:15 true
     0 | D:1      | 0 ||| qw: Do second Lair branch before Depths: true
     0 | D:1      | 0 ||| qw: Lair rune preference: random
     0 | D:1      | 0 ||| qw: Goals: Normal
     0 | D:1      | 0 ||| PLANNING D:1-11
    93 | D:1      | Reached XP level 2. HP: 16/16 MP: 4/4
   251 | D:1      | Reached skill level 6 in Ranged Weapons
   784 | D:1      | 784 ||| UPGRADING to +0 ring mail.
   794 | D:1      | 794 ||| DROPPING +0 leather armour.
   795 | D:1      | 795 ||| DROPPING ring of wizardry.
   796 | D:1      | 796 ||| READING 2 scrolls labelled KITEONOSIN.
   796 | D:1      | 796 ||| IDENTIFYING amethyst potion
   797 | D:1      | 797 ||| READING scroll of identify.
   797 | D:1      | 797 ||| IDENTIFYING lumpy orange potion
   798 | D:1      | 798 ||| READING scroll labelled JEMMUR UPRAB.
   799 | D:1      | 799 ||| DROPPING scroll of butterflies.
   886 | D:2      | 886 ||| FLEEEEING.
   887 | D:2      | 887 ||| FLEEEEING.
   890 | D:2      | 890 ||| FLEEEEING.
   891 | D:2      | 891 ||| FLEEEEING.
   894 | D:2      | Reached XP level 3. HP: 19/20 MP: 5/5
  1223 | D:2      | 1223 ||| FLEEEEING.
  1224 | D:2      | 1224 ||| FLEEEEING.
  1225 | D:2      | 1225 ||| FLEEEEING.
  1226 | D:2      | 1226 ||| FLEEEEING.
  1227 | D:2      | 1227 ||| FLEEEEING.
  1546 | D:2      | Noticed Jessica
  1550 | D:2      | 1550 ||| DRINKING potion of haste.
  1552 | D:2      | Killed Jessica
  1553 | D:2      | Reached skill level 7 in Ranged Weapons
  1553 | D:2      | Reached XP level 4. HP: 23/25 MP: 6/6
  1577 | D:2      | 1577 ||| READING 2 scrolls of identify.
  1577 | D:2      | 1577 ||| IDENTIFYING scroll labelled QIOTOU DADECUU
  1578 | D:2      | 1578 ||| READING scroll of identify.
  1578 | D:2      | 1578 ||| IDENTIFYING 2 scrolls labelled OVVISOUZEO
  1579 | D:2      | 1579 ||| DROPPING scroll of revelation.
  1580 | D:2      | 1580 ||| DROPPING 2 scrolls of poison.
  1641 | D:3      | 1641 ||| STAIRDANCE
  1876 | D:3      | Reached skill level 8 in Ranged Weapons
  1897 | D:3      | 1897 ||| FLEEEEING.
  1902 | D:3      | 1902 ||| FLEEEEING.
  1903 | D:3      | 1903 ||| FLEEEEING.
  1904 | D:3      | 1904 ||| FLEEEEING.
  1906 | D:3      | 1906 ||| FLEEEEING.
  1909 | D:3      | 1909 ||| FLEEEEING.
  2250 | D:3      | 2250 ||| READING scroll of identify.
  2250 | D:3      | 2250 ||| IDENTIFYING emerald potion
  2251 | D:3      | 2251 ||| DROPPING potion of berserk rage.
  2270 | D:4      | Reached XP level 5. HP: 29/29 MP: 7/7
  2293 | D:4      | Found a snail-covered altar of Cheibriados.
  2328 | D:4      | HP: 6/29 [poisoned by a scorpion]
  2329 | D:4      | HP: 1/29 [poisoned by a scorpion]
  2329 | D:4      | Slain by a scorpion

Levels and vault maps discovered:
D:1:      tekkud_arrival_beachfront_property, layout_loops_corners
D:2:      layout_loops_ring, chequers_serial_rivers_room_a,
          minmay_misc_feat_rugged, uniq_jessica
D:3:      layout_basic, minmay_stone_trees_small, minmay_cut_off
D:4:      layout_cave_pools, mainiacjoe_overflow_surrounded_room,
          cheibriados_altar_1, general_overflow_altar,
          minmay_temple_entry_fiery, uniq_menkaure

Skill      XL: |  1  2  3  4 |
---------------+-------------+-----
Ranged Weapons | 6 7 8 |  8.4
Fighting       | |  1.5
Dodging        | |  2.4
Stealth        | |  1.2

Action                     |  1- 3 |  4- 6 || total
---------------------------+-------+-------++-------
   Fire: Shortbow          |    94 |    98 ||   192
    Use: Scroll            |     3 |     3 ||     6
         Potion            |     1 |       ||     1
 Armour: Leather armour    |     1 |       ||     1
         Ring mail         |    18 |    33 ||    51
  Dodge: Dodged            |    13 |    26 ||    39

Table legend:
 A = Non-vault XP
 B = Vault XP
 C = Vault XP percentage of total XP
 D = Non-vault monster count
 E = Vault monster count
 F = Vault count percentage of total count
                 A         B        C        D         E       F
            +---------+---------+-------+---------+---------+-------
      Total |     156 |      44 |  22.0 |      53 |       4 |   7.0
            +---------+---------+-------+---------+---------+-------
        D:1 |      35 |       0 |   0.0 |      18 |       0 |   0.0
        D:2 |      25 |      37 |  59.7 |      13 |       1 |   7.1
        D:3 |      91 |       7 |   7.1 |      19 |       3 |  13.6
        D:4 |       5 |       0 |   0.0 |       3 |       0 |   0.0
            +---------+---------+-------+---------+---------+-------
